 Dungeon Crawl Stone Soup version 0.28-a0-167-g7eff39e849 (webtiles) character file.

Game seed: 13621875941099753897

267040 Grimdewalt the Peltast (level 20, -3/137 HPs)
             Began as a Gargoyle Fighter on Aug 16, 2021.
             Was the Champion of Okawaru.
             Slain by an orc warlord (26 damage)
             ... on level 2 of the Elven Halls on Aug 17, 2021.
             The game lasted 01:49:00 (50246 turns).

Grimdewalt the Peltast (Gargoyle Fighter)          Turns: 50246, Time: 01:49:01

Health: -3/137     AC: 43    Str: 29    XL:     20   Next: 11%
Magic:  20/20      EV:  8    Int: 12    God:    Okawaru [******]
Gold:   1250       SH: 19    Dex:  9    Spells: 19/19 levels left

rFire   + + .      SeeInvis .   b - +8 eveningstar "Suwoisam" {freeze, rF+ rCorr Dex-3 Stlth+}
rCold   + + .      Faith    .   c - +0 kite shield
rNeg    + . .      Spirit   .   X - +2 plate armour {rC+}
rPois   ∞          Reflect  +   s - +2 helmet {Int+3}
rElec   +          Harm     .   N - scarf {rC+ rF+}
rCorr   +          Rampage  .   T - +0 pair of gloves {Dex+3}
Will    ++...                   f - +0 pair of boots
Stlth   ..........              O - amulet of reflection
HPRegen 0.32/turn               p - ring of willpower
MPRegen 0.17/turn               L - +4 ring of slaying

@: flying
A: sickness immunity, AC +15, big wings, negative energy resistance 1,
electricity resistance, torment resistance 1, petrification resistance
}: 2/15 runes: decaying, serpentine
a: Renounce Religion, Heroism, Finesse


You were on level 2 of the Elven Halls.
You worshipped Okawaru.
Okawaru was exalted by your worship.
You visited 7 branches of the dungeon, and saw 34 of its levels.
You also visited: Ossuary and Ice Cave.

You collected 2966 gold pieces.
You spent 1716 gold pieces at shops.

Inventory:

Hand Weapons
 b - the +8 eveningstar "Suwoisam" (weapon) {freeze, rF+ rCorr Dex-3 Stlth+}
   (Okawaru gifted it to you on level 6 of the Lair of Beasts)

   It freezes those it strikes, dealing additional cold damage.
   It can also slow down cold-blooded creatures.
   Dex:       It affects your dexterity (-3).
   rF:        It protects you from fire.
   rCorr:     It protects you from acid and corrosion.
   Stlth:     It makes you more stealthy.
 E - the +5 whip "Famyna Waor" {holy, rC++ Will- rCorr SInv}
   (You took it off a kobold on level 4 of the Dungeon)

   It has been blessed by the Shining One to cause great damage to the undead
   and demons.
   rC:        It greatly protects you from cold.
   SInv:      It lets you see invisible.
   rCorr:     It protects you from acid and corrosion.
   Will:      It decreases your willpower.
Missiles
 o - a throwing net
 R - 9 silver javelins
Armour
 c - a +0 kite shield (worn)
 f - a +0 pair of boots (worn)
 r - a +2 tower shield of cold resistance
 s - a +2 helmet of intelligence (worn)
 N - a scarf of resistance (worn)
 T - a +0 pair of gloves of dexterity (worn)
 U - the +0 scale mail of Action {rF- rN+++ Int+4 Dex+4}
   (You found it on level 1 of the Snake Pit)

   Int:       It affects your intelligence (+4).
   Dex:       It affects your dexterity (+4).
   rF:        It makes you vulnerable to fire.
   rN:        It renders you almost immune to negative energy.
 X - a +2 plate armour of cold resistance (worn)
Jewellery
 j - a ring of see invisible
 p - a ring of willpower (left hand)
 J - a ring of positive energy
 L - a +4 ring of slaying (right hand)
 O - an amulet of reflection (around neck)
 V - a ring of fire
 Z - a ring of ice
Wands
 q - a wand of polymorph (8)
 y - a wand of iceblast (55)
 A - a wand of digging (14)
 I - a wand of paralysis (28)
 M - a wand of acid (29)
 Y - a wand of mindburst (7)
Scrolls
 g - 10 scrolls of teleportation
 h - 12 scrolls of fog
 m - 2 scrolls of blinking
 n - 9 scrolls of immolation
 t - 2 scrolls of vulnerability
 u - a scroll of holy word
 B - 4 scrolls of enchant weapon
 F - 6 scrolls of magic mapping
 G - 3 scrolls of torment
 K - 7 scrolls of enchant armour
 P - a scroll of amnesia
 S - 2 scrolls of brand weapon
 W - 2 scrolls of summoning
Potions
 d - 5 potions of might
 e - 9 potions of curing {@q1}
 i - 11 potions of brilliance
 k - 5 potions of heal wounds {@q2}
 l - 2 potions of mutation
 w - 5 potions of haste
 x - 3 potions of berserk rage
 z - 6 potions of attraction
 C - 2 potions of invisibility
 D - 8 potions of ambrosia
 H - 10 potions of lignification
 Q - a potion of resistance
Miscellaneous
 a - a condenser vane
 v - a phantom mirror


   Skills:
 + Level 18.8 Fighting
 + Level 17.4 Maces & Flails
 + Level 18.8 Armour
 + Level 20.6 Shields


You had 19 spell levels left.
You didn't know any spells.
Your spell library contained the following spells:

 Spells                   Type           Power      Damage    Failure   Level
 Animate Skeleton         Necr           0%         N/A       83%         1
 Apportation              Tloc           0%         N/A       83%         1
 Corona                   Hex            0%         N/A       83%         1
 Magic Dart               Conj           0%         1d3       83%         1
 Pain                     Necr           0%         1d4       83%         1
 Summon Small Mammal      Summ           0%         N/A       83%         1
 Blink                    Tloc           N/A        N/A       92%         2
 Call Imp                 Summ           0%         N/A       92%         2
 Ensorcelled Hibernation  Hex/Ice        0%         N/A       92%         2
 Slow                     Hex            0%         N/A       92%         2
 Wereblood                Tmut           0%         N/A       92%         2
 Confusing Touch          Hex            0%         N/A       99%         3
 Frozen Ramparts          Ice            0%         1d2       99%         3
 Inner Flame              Hex/Fire       0%         N/A       99%         3
 Mephitic Cloud           Conj/Pois/Air  0%         N/A       99%         3
 Spider Form              Tmut/Pois      0%         N/A       99%         3
 Stone Arrow              Conj/Erth      0%         3d7       99%         3
 Summon Guardian Golem    Hex/Summ       0%         N/A       99%         3
 Tukima's Dance           Hex            0%         N/A       99%         3
 Animate Dead             Necr           0%         N/A       100%        4
 Cause Fear               Hex            0%         N/A       100%        4
 Ice Form                 Ice/Tmut       0%         N/A       100%        4
 Passage of Golubria      Tloc           N/A        N/A       100%        4
 Summon Ice Beast         Ice/Summ       0%         N/A       100%        4
 Agony                    Necr           0%         N/A       100%        5
 Bolt of Magma            Conj/Fire/Erth 0%         4d4       100%        5
 Excruciating Wounds      Necr           0%         N/A       100%        5
 Freezing Cloud           Conj/Ice/Air   0%         6-21      100%        5
 Iskenderun's Battlesphe  Conj           0%         2d6       100%        5
 Manifold Assault         Tloc           0%         N/A       100%        5
 Yara's Violent Unravell  Hex/Tmut       0%         3d3       100%        5
 Iron Shot                Conj/Erth      0%         9d1       100%        6
 Shadow Creatures         Summ           N/A        N/A       100%        6
 Simulacrum               Ice/Necr       0%         N/A       100%        6
 Haunt                    Necr/Summ      0%         N/A       100%        7
 Orb of Destruction       Conj           0%         N/A       100%        7
 Spellforged Servitor     Conj/Summ      0%         N/A       100%        7
 Storm Form               Tmut/Air       0%         N/A       100%        7
 Summon Hydra             Summ           0%         N/A       100%        7
 Discord                  Hex            0%         N/A       100%        8
 Infestation              Necr           0%         N/A       100%        8
 Lehudib's Crystal Spear  Conj/Erth      0%         10d2      100%        8
 Summon Horrible Things   Summ           0%         N/A       100%        8
 Dragon's Call            Summ           0%         N/A       100%        9
 Shatter                  Erth           0%         3d5*      100%        9
 Sublimation of Blood     Necr           Unusable   N/A       N/A         2

Dungeon Overview and Level Annotations

Branches:
Dungeon (15/15)            Temple (1/1) D:4            Lair (6/6) D:9
  Swamp (4/4) Lair:4        Snake (4/4) Lair:4        Slime (0/5) Lair:5
    Orc (2/2) D:11            Elf (2/3) Orc:2        Vaults (0/5) D:14
Ossuary (visited)           IceCv (visited)
 Depths: D:15

Altars:
Ashenzari
Cheibriados
Dithmenos
Elyvilon
Fedhas
Gozag
Hepliaklqana
Kikubaaqudgha
Makhleb
Nemelex Xobeh
Okawaru
Qazlal
Ru
Sif Muna
Trog
Uskayaw
Vehumet
Wu Jian
Xom
Yredelemnul
Zin
The Shining One
Beogh
Jiyva

Shops:
D:7 (   D:12 :   D:14 **(   Orc:1 ?   Orc:2 =*:([   Elf:2 [   Snake:3 *?
Snake:4 (

Annotations:
D:10 exclusion: orange crystal statue
Lair:1 Gastronok
Lair:4 Donald
Orc:2 1 runed translucent door, exclusion: player ghost, hemabe71's ghost, adept HuAr


Innate Abilities, Weirdness & Mutations

You are immune to sickness and miasma.
Your stone body is resilient. (AC +15)
You are immune to poison.
Your large and strong wings let you fly.
You resist negative energy. (rN+)
You are resistant to electric shocks. (rElec)
You are resistant to unholy torment.
You are immune to petrification.


Message History

Beogh smites you!
The orc high priest prays to Beogh.
You block the orc warrior's attack.
Items here: )) [[ †.
The orc priest invokes the aid of Beogh against you.
Beogh smites you! You block the orc warrior's attack.
Really renounce your faith, foregoing its fabulous benefits? [Y]es or [N]o only, please.
Really renounce your faith, foregoing its fabulous benefits?
Okay, then.
You gain the combat prowess of a mighty hero.
You block the orc knight's attack.
The orc priest curses loudly.
You fail to use your ability.
The orc knight hits you with a +0 battleaxe!
The orc high priest mumbles some strange prayers to Beogh against you.
Beogh smites you!
You are too injured to fight recklessly!
You are too injured to fight recklessly!
You are too injured to fight recklessly!
You sock the orc knight! You freeze the orc knight.
The orc knight is moderately wounded.
You block the orc knight's attack.
The orc priest invokes the aid of Beogh against you.
Beogh smites you!
The orc priest invokes the aid of Beogh against you.
Beogh smites you!
You pound the orc knight like an anvil!!!
You freeze the orc knight!
The orc knight is almost dead.
You block the orc knight's attack.
The orc warlord roars a battlecry!
The orc knight goes into a battle-frenzy!
The orc knight roars a battlecry!
The orc warlord goes into a battle-frenzy!
The orc knight roars a battlecry!
You feel like a meek peon again.
You see here a potion of degeneration.
The orc knight roars a battlecry!
The orc warlord hits you but does no damage.
You block the orc warlord's attack.
The orc warlord hits you with a +0 war axe!!
* * * LOW HITPOINT WARNING * * *
The orc knight no longer looks unusually strong.
The orc warlord no longer looks unusually strong.
There is a stone staircase leading up here.
The orc knight roars a battlecry!
The orc warlord goes into a battle-frenzy!
The orc warlord hits you with a +0 war axe!!
You die...

#oooo#...##..# . .
#ooo3##.###### .#.#
#oo..##.#### ##.#.#
######.....# ....# #.
#.......##.#.###..
.##...............# ##
#.......)..o.......##.#
#.##.......oo#)....#.#
# #........#@#..##.#
#.........#...#..#
#...............#.#
..#.............##.#
...................#
........##..#.###.#
.........##).## . ..
.#####.###.## .. #.#
##.#


You could see an orc warlord (strong) and 2 orc knights.

Vanquished Creatures
  Nikola (Swamp:1)
  Jorgrun (Swamp:3)
  Kirke (Lair:6)
  4 nagarajas
  2 orc warlords
  A reaper (IceCv)
  A bunyip (Swamp:4)
  2 deep elf annihilators (Elf:1)
  The ghost of Iclawnydy the Frost Mage, a journeyman GnIE of Qazlal (D:14)
  2 eleionomae
  A fire dragon (Lair:6)
  A shambling mangrove (Swamp:2)
  A rakshasa (D:15)
  A deep elf high priest (Elf:1)
  2 ice dragons (Swamp:4)
  A ghost crab (Swamp:1)
  3 salamander tyrants
  20 hydras
  The ghost of hemabe71 the Charlatan, a journeyman HuAr of Makhleb (D:9)
  24 naga warriors
  A death knight (D:14)
  2 vault guards (D:14)
  7 centaur warriors
  4 boulder beetles
  A catoblepas (D:14)
  An ogre mage (D:14)
  10 two-headed ogres
  A spectral frost giant (D:14)
  11 dancing weapons
  8 alligators
  19 anacondas
  3 shock serpents
  3 tengu warriors (D:14)
  2 orc high priests
  21 naga sharpshooters
  2 spectral spriggans (D:14)
  Sonja (Lair:1)
  A fire crab (Lair:5)
  6 deep elf knights
  The ghost of boben the Skirmisher, a novice DsGl of Qazlal (D:7)
  5 goliath frogs
  7 spectral anacondas (Snake:3)
  11 salamander mystics
  3 sea snakes (Snake:3)
  6 spriggan druids
  3 swamp dragons
  3 bog bodies
  A death drake (shapeshifter) (D:14)
  9 naga ritualists
  A wizard (D:14)
  4 deep elf archers (Elf:2)
  An anaconda zombie (Snake:3)
  8 orc knights
  30 deep elf pyromancers
  2 anaconda skeletons (Snake:3)
  A wolf spider (Lair:6)
  13 mana vipers
  9 ugly things
  14 deep elf zephyrmancers
  A spectral ettin (D:14)
  An oklob plant (Lair:6)
  2 spectral fire dragons (D:14)
  4 manticores
  3 orc sorcerers
  2 will-o-the-wisps
  3 cyclopes
  16 elephants
  16 salamanders
  Joseph (D:7)
  23 naga magi
  3 gargoyles
  39 black mambas
  9 guardian serpents
  17 cane toads
  2 ice statues (IceCv)
  Maggie (D:6)
  5 freezing wraiths
  5 ice devils (IceCv)
  2 unseen horrors
  2 tengu conjurers (D:14)
  An efreet (D:14)
  10 komodo dragons
  12 anaconda simulacra (Snake:3)
  5 trolls
  3 meliai (D:12)
  A queen bee (D:12)
  12 hornets
  2 slime creatures (D:9)
  11 tyrant leeches
  A deep troll zombie (D:14)
  5 dream sheep (Lair:6)
  7 blink frogs
  2 redbacks (Lair:6)
  3 shadows
  A dire elephant simulacrum (IceCv)
  29 yaks
  11 spriggans
  3 water elementals
  2 humans (D:14)
  A wraith (D:12)
  15 wyverns
  8 basilisks
  A fire elemental (Elf:1)
  2 hogs (Lair:6)
  2 death yak simulacra (IceCv)
  3 steam dragons
  12 vampire mosquitoes
  16 swamp worms
  5 wargs
  6 swamp worm simulacra (Swamp:4)
  63 nagas
  3 acid dragons
  A harpy simulacrum (IceCv)
  15 hydra simulacra (Swamp:4)
  23 water moccasins
  3 swamp drakes
  2 ice beasts (D:5)
  36 orc warriors
  A sky beast (D:6)
  5 black bears
  2 necrophages
  4 ogres
  3 wolves (Lair:2)
  9 centaurs
  An elf simulacrum (D:14)
  3 elf zombies (Ossuary)
  A kobold brigand (D:4)
  Blork the orc (D:4)
  3 earth elementals
  10 bullfrogs
  A human simulacrum (D:14)
  A wyvern zombie (D:9)
  2 gnoll sergeants
  2 cane toad simulacra (IceCv)
  4 scorpions
  2 two-headed ogre simulacra (IceCv)
  A wyvern skeleton (D:7)
  A water moccasin skeleton (D:6)
  2 elephant simulacra (IceCv)
  20 killer bees (D:12)
  11 wights
  A howler monkey (D:5)
  3 electric eels
  6 centaur zombies
  A human zombie (Ossuary)
  15 orc priests
  3 gnoll shamans
  2 hounds
  2 jellies
  3 centaur skeletons
  5 iguanas
  6 hell rats (Lair:4)
  22 orc wizards
  4 troll simulacra (IceCv)
  A polar bear simulacrum (IceCv)
  4 spriggan simulacra (IceCv)
  A killer bee zombie (D:7)
  2 hound skeletons
  2 mummies (Ossuary)
  Robin (D:2)
  A howler monkey zombie (D:7)
  25 gnolls
  4 adders
  A shadow imp (D:5)
  3 white imps
  3 ufetubi
  2 swamp drake simulacra (Swamp:4)
  An adder zombie (Ossuary)
  79 orcs
  6 ball pythons (D:4)
  9 endoplasms
  2 giant cockroaches
  11 goblins
  6 hobgoblins
  18 kobolds
  3 quokkas
  3 bats
  2 frilled lizards
  3 goblin zombies (Ossuary)
  11 hobgoblin zombies (Ossuary)
  5 kobold zombies (Ossuary)
  10 orc zombies (Ossuary)
  5 rats
  2 rat zombies (Ossuary)
1191 creatures vanquished.

Vanquished Creatures (others)
  An azure jelly (Swamp:4)
  2 alligators (Swamp:4)
  A deep elf zephyrmancer (Elf:1)
  3 bloated husks
  A spriggan (Swamp:2)
  3 humans (Lair:6)
  3 vampire mosquitoes (Swamp:2)
  An orc priest (Orc:2)
  An orc wizard (D:8)
  14 foxfires
  40 fungi
  49 plants
  2 withered plants (Orc:2)
121 creatures vanquished.

Grand Total: 1312 creatures vanquished

Notes
Turn   | Place    | Note
-------+----------+-------------------------------------------
     0 | D:1      | Grimdewalt the Gargoyle Fighter began the quest for the
                  | Orb.
     0 | D:1      | Reached XP level 1. HP: 14/14 MP: 1/1
   263 | D:1      | Reached XP level 2. HP: 19/19 MP: 2/2
  1029 | D:2      | Noticed Robin
  1063 | D:2      | Reached XP level 3. HP: 20/24 MP: 3/3
  1721 | D:2      | Killed Robin
  1893 | D:3      | Reached XP level 4. HP: 29/29 MP: 4/4
  2064 | D:3      | Noticed a scorpion
  2076 | D:3      | Killed a scorpion
  2077 | D:3      | Reached skill level 4 in Shields
  2077 | D:3      | Reached XP level 5. HP: 33/33 MP: 5/5
  2815 | D:4      | Noticed a black bear
  2908 | D:3      | Killed a black bear
  2909 | D:3      | Reached XP level 6. HP: 21/39 MP: 6/6
  3532 | D:4      | Found a sacrificial altar of Ru.
  4098 | D:4      | Reached skill level 5 in Armour
  4145 | D:4      | Reached skill level 5 in Fighting
  4145 | D:4      | Reached skill level 5 in Shields
  4369 | D:4      | Identified the +5 whip "Famyna Waor" {holy, rC++ Will-
                  | rCorr SInv}
  4380 | D:4      | Noticed Blork the orc
  4410 | D:4      | Killed Blork the orc
  4411 | D:4      | Reached XP level 7. HP: 36/44 MP: 7/7
  4513 | D:4      | Found a staircase to the Ecumenical Temple.
  4530 | Temple   | Entered the Ecumenical Temple
  4623 | Temple   | Became a worshipper of Warmaster Okawaru
  5221 | D:5      | Entered Level 5 of the Dungeon
  5221 | D:5      | Found a stormy altar of Qazlal.
  5240 | D:5      | Found a snail-covered altar of Cheibriados.
  5320 | D:5      | Found a bloodstained altar of Trog.
  5762 | D:5      | Reached * piety under Okawaru
  5763 | D:5      | Reached XP level 8. HP: 49/51 MP: 8/8
  5783 | D:5      | Found a sand-covered staircase.
  5793 | Ossuary  | Entered an ossuary
  5928 | Ossuary  | Reached skill level 6 in Shields
  5964 | Ossuary  | Reached skill level 5 in Maces & Flails
  6826 | D:5      | Reached ** piety under Okawaru
  7122 | D:6      | Reached skill level 7 in Shields
  7122 | D:6      | Reached XP level 9. HP: 56/57 MP: 9/9
  7707 | D:6      | Reached *** piety under Okawaru
  7717 | D:6      | Noticed Maggie
  7743 | D:6      | Killed Maggie
  7744 | D:6      | Reached skill level 8 in Shields
  8632 | D:7      | Reached XP level 10. HP: 64/64 MP: 10/10
  8694 | D:7      | Found Gubyneir's Antique Weapon Boutique.
  8907 | D:7      | Noticed Joseph
  9071 | D:7      | Killed Joseph
  9072 | D:7      | Reached skill level 9 in Shields
  9257 | D:7      | Noticed a +0 hand axe
  9258 | D:7      | Noticed a +0 dagger
  9260 | D:7      | Found a hide-covered altar of Uskayaw.
  9484 | D:7      | Found a runed translucent door.
  9511 | D:7      | Noticed a boulder beetle
  9511 | D:7      | Noticed boben's ghost (novice DsGl)
 10377 | D:8      | Identified the +3 dagger "Mybet" {drain, Int+4 Stlth+}
 10625 | D:9      | Noticed an elephant
 10663 | D:9      | Killed an elephant
 10663 | D:9      | Reached **** piety under Okawaru
 10681 | D:9      | Reached skill level 10 in Shields
 11023 | D:9      | Noticed a centaur warrior
 11029 | D:9      | Noticed a centaur warrior
 11030 | D:9      | Noticed a deep elf pyromancer
 11031 | D:9      | Noticed a five-headed hydra
 11032 | D:9      | Noticed a centaur warrior
 11062 | D:8      | Killed a centaur warrior
 11062 | D:8      | Reached ***** piety under Okawaru
 11211 | D:9      | Found a runed translucent door.
 11213 | D:9      | Noticed hemabe71's ghost (journeyman HuAr)
 11254 | D:9      | Noticed a centaur warrior
 11279 | D:9      | Killed a centaur warrior
 11280 | D:9      | Reached skill level 11 in Shields
 11280 | D:9      | Reached XP level 11. HP: 42/72 MP: 11/11
 11303 | D:9      | Killed a centaur warrior
 11318 | D:9      | Reached skill level 10 in Fighting
 11318 | D:9      | Reached skill level 10 in Armour
 11613 | D:8      | Received a gift from Okawaru
 11832 | D:9      | Killed a centaur warrior
 12011 | D:9      | Killed a deep elf pyromancer
 12420 | D:9      | Found a staircase to the Lair.
 12708 | D:9      | Reached skill level 12 in Shields
 13115 | D:10     | Entered Level 10 of the Dungeon
 13154 | D:10     | Found a sparkling altar of Nemelex Xobeh.
 13214 | D:10     | Found a blossoming altar of Fedhas.
 13214 | D:10     | Found a shimmering blue altar of Sif Muna.
 13257 | D:10     | Noticed a two-headed ogre
 13311 | Lair:1   | Entered Level 1 of the Lair of Beasts
 13758 | Lair:1   | Noticed Gastronok
 13990 | Lair:1   | Reached XP level 12. HP: 79/79 MP: 12/12
 14034 | Lair:1   | Noticed Sonja
 14053 | Lair:1   | Killed Sonja
 14054 | Lair:1   | Reached skill level 13 in Shields
 14440 | Lair:2   | Reached skill level 10 in Maces & Flails
 14441 | Lair:2   | Received a gift from Okawaru
 14681 | Lair:2   | Noticed an eight-headed hydra
 14929 | Lair:2   | Killed an eight-headed hydra
 15348 | Lair:3   | Noticed a four-headed hydra
 15363 | Lair:3   | Killed a four-headed hydra
 15393 | Lair:3   | Reached ****** piety under Okawaru
 15670 | Lair:3   | Reached skill level 14 in Shields
 15859 | Lair:3   | Found a frozen archway.
 15876 | IceCv    | Entered an ice cave
 17089 | IceCv    | Reached XP level 13. HP: 86/86 MP: 13/13
 17097 | IceCv    | Noticed a reaper
 17151 | IceCv    | Killed a reaper
 18167 | Lair:4   | Found a staircase to the Snake Pit.
 18173 | Lair:4   | Identified the +2 flail of the Puffball {protect, *Noise
                  | rPois Will+ Int+4}
 18598 | Lair:4   | Received a gift from Okawaru
 18744 | Lair:4   | Reached skill level 15 in Shields
 19100 | Lair:4   | Found a staircase to the Swamp.
 19942 | Lair:5   | Received a gift from Okawaru
 20425 | Lair:5   | Found a runed translucent door.
 20425 | Lair:5   | Found a viscous altar of Jiyva.
 20427 | Lair:5   | Found a staircase to the Slime Pits.
 20727 | Lair:6   | Entered Level 6 of the Lair of Beasts
 20736 | Lair:6   | Identified the +8 eveningstar "Suwoisam" {freeze, rF+ rCorr
                  | Dex-3 Stlth+} (Okawaru gifted it to you on level 6 of the
                  | Lair of Beasts)
 20736 | Lair:6   | Received a gift from Okawaru
 20791 | Lair:6   | Reached skill level 16 in Shields
 21066 | Lair:6   | Gained mutation: Your large and strong wings let you fly.
                  | [Gargoyle growth]
 21066 | Lair:6   | Reached XP level 14. HP: 93/94 MP: 14/14
 21116 | Lair:6   | Noticed Kirke
 21126 | Lair:6   | Killed Kirke
 21346 | Lair:6   | Received a gift from Okawaru
 22447 | D:9      | Killed hemabe71's ghost
 22544 | D:7      | Killed boben's ghost
 22562 | D:7      | Got Pucsuisi's Guide on Creative Dark Arts
 23692 | D:11     | You are sucked into a shaft and drop 3 floors!
 23697 | D:14     | Found a white marble altar of Elyvilon.
 23801 | D:14     | Received a gift from Okawaru
 23939 | D:14     | Reached XP level 15. HP: 100/100 MP: 15/15
 24060 | D:14     | Reached skill level 17 in Shields
 24376 | D:13     | Found a hazy altar of Hepliaklqana.
 25352 | D:12     | You are sucked into a shaft and drop 3 floors!
 25352 | D:15     | Entered Level 15 of the Dungeon
 25362 | D:15     | Got Sif Muna's Volume of Summoning
 25452 | D:15     | Received a gift from Okawaru
 26184 | D:14     | Found Idiobir's General Store.
 26186 | D:14     | Found Kit Wit's Specific Store.
 26208 | D:14     | Received a gift from Okawaru
 26249 | D:14     | Found Muikk's Weapon Shop.
 26271 | D:14     | Identified the +4 ring mail of the Devil's Advocate
                  | {Rampage Drain Slay+2 Stlth+}
 26343 | D:14     | Reached skill level 15 in Armour
 26355 | D:14     | Found a runed translucent gate.
 26355 | D:14     | Found a runed translucent gate.
 26357 | D:14     | Found a runed translucent gate.
 26360 | D:14     | Noticed Iclawnydy's ghost (journeyman GnIE)
 26383 | D:14     | Reached skill level 15 in Fighting
 26405 | D:14     | Received a gift from Okawaru
 26439 | D:14     | Killed Iclawnydy's ghost
 26962 | D:14     | Found a gate to the Vaults.
 27600 | D:12     | Reached XP level 16. HP: 108/108 MP: 16/16
 27925 | D:12     | Found Cunt's Book Emporium.
 29318 | D:11     | Found a staircase to the Orcish Mines.
 29568 | Orc:1    | Entered Level 1 of the Orcish Mines
 30523 | Orc:1    | Found Movuoc's Magic Scroll Emporium.
 30531 | Orc:1    | Bought a scroll of fog for 28 gold pieces
 30602 | Orc:1    | You are sucked into a shaft and drop 1 floor!
 30602 | Orc:2    | Entered Level 2 of the Orcish Mines
 30602 | Orc:2    | Found a staircase to the Elven Halls.
 30729 | Orc:2    | Received a gift from Okawaru
 30762 | Orc:2    | Found a runed translucent door.
 30763 | Orc:2    | Noticed hemabe71's ghost (adept HuAr)
 30943 | Orc:2    | Reached skill level 18 in Shields
 31328 | Orc:2    | Found Kechibyh's Jewellery Boutique.
 31518 | Orc:2    | Found Ciaxkuko's Antique Weapon Boutique.
 31534 | Orc:2    | Found Luublaim's General Store.
 31568 | Orc:2    | Found Qial's Book Boutique.
 31583 | Orc:2    | Found Nyoc's Antique Armour Boutique.
 31590 | Orc:2    | Bought a twisted scale mail for 261 gold pieces
 31590 | Orc:2    | Identified the +11 scale mail of Resonance {*Slow rC++
                  | rCorr Int+3} (You bought it in a shop on level 2 of the
                  | Orcish Mines)
 31590 | Orc:2    | Bought a warped plate armour for 812 gold pieces
 31590 | Orc:2    | Identified the +5 plate armour of the Known World {Harm
                  | rN++} (You bought it in a shop on level 2 of the Orcish
                  | Mines)
 31590 | Orc:2    | Bought a runed hat for 203 gold pieces
 31590 | Orc:2    | Bought a sheer robe for 165 gold pieces
 31590 | Orc:2    | Identified the +2 robe "Tanwuh" {Fly rF- Regen+ Str+3} (You
                  | bought it in a shop on level 2 of the Orcish Mines)
 31627 | Orc:2    | Bought a scroll of identify for 24 gold pieces
 31627 | Orc:2    | Bought a scroll of identify for 24 gold pieces
 31664 | Orc:1    | Bought a scroll of identify for 28 gold pieces
 31664 | Orc:1    | Bought a scroll of identify for 28 gold pieces
 32186 | Swamp:1  | Entered Level 1 of the Swamp
 32186 | Swamp:1  | Noticed Donald
 33075 | Swamp:1  | Noticed Nikola
 33092 | Swamp:1  | Killed Nikola
 33092 | Swamp:1  | Received a gift from Okawaru
 34760 | Swamp:2  | Received a gift from Okawaru
 34767 | Swamp:2  | Reached XP level 17. HP: 53/115 MP: 17/17
 35257 | Swamp:3  | Noticed Jorgrun
 35387 | Swamp:3  | Killed Jorgrun
 35710 | Swamp:3  | Reached skill level 15 in Maces & Flails
 36084 | Swamp:4  | Entered Level 4 of the Swamp
 37588 | Swamp:4  | Got a decaying rune of Zot
 38193 | Snake:1  | Entered Level 1 of the Snake Pit
 38388 | Snake:1  | Identified the +3 flail of Calculation {vamp, MP+9}
                  | (Okawaru gifted it to you on level 1 of the Snake Pit)
 38388 | Snake:1  | Received a gift from Okawaru
 38720 | Snake:1  | Reached skill level 19 in Shields
 38723 | Snake:1  | Identified the +0 scale mail of Action {rF- rN+++ Int+4
                  | Dex+4}
 39380 | Snake:2  | Identified the +0 plate armour of Autotheism {Rampage
                  | *Corrode rElec} (Okawaru gifted it to you on level 2 of the
                  | Snake Pit)
 39380 | Snake:2  | Received a gift from Okawaru
 39556 | Snake:2  | Reached XP level 18. HP: 29/123 MP: 18/18
 42378 | Snake:3  | Received a gift from Okawaru
 42526 | Snake:3  | Found Xyniqan's Magic Scroll Shop.
 42552 | Snake:3  | Bought a scroll of teleportation for 39 gold pieces
 42552 | Snake:3  | Bought a scroll of teleportation for 39 gold pieces
 42552 | Snake:3  | Bought a scroll of fog for 26 gold pieces
 42552 | Snake:3  | Bought a scroll of teleportation for 39 gold pieces
 42636 | Snake:3  | Found Rap Ucku's General Store.
 43973 | Snake:4  | Entered Level 4 of the Snake Pit
 44457 | Snake:4  | Found Elaewor's Antique Weapon Boutique.
 45002 | Snake:4  | Reached XP level 19. HP: 106/130 MP: 16/19
 45301 | Snake:4  | Received a gift from Okawaru
 45302 | Snake:4  | Reached skill level 20 in Shields
 47298 | Snake:4  | Got a serpentine rune of Zot
 47934 | Elf:1    | Entered Level 1 of the Elven Halls
 48137 | Elf:1    | Identified the +1 short sword of the Morning {speed,
                  | Fragile rElec rN+ Will+ MP+9} (Okawaru gifted it to you on
                  | level 1 of the Elven Halls)
 48137 | Elf:1    | Received a gift from Okawaru
 48493 | Elf:1    | Got the Grimoire of Conjuration
 48854 | Elf:1    | Identified the +6 great sword "Jeolaef" {elec, rN+ SInv}
 49746 | Elf:2    | Identified the +1 acid dragon scales of Philately {rElec
                  | rCorr Int+2 Stlth+} (Okawaru gifted it to you on level 2 of
                  | the Elven Halls)
 49746 | Elf:2    | Received a gift from Okawaru
 49764 | Elf:2    | Reached XP level 20. HP: 137/137 MP: 20/20
 50174 | Elf:2    | Found Peel's Armour Shoppe.
 50246 | Elf:2    | Slain by an orc warlord

Illustrated notes

Levels and vault maps discovered:
D:1:      saegor_arrival_simple_b, layout_loops_cross, hex_large
D:2:      layout_loops_ring, corexii_corridor_pit, columned_hall_lemuel,
          uniq_robin
D:3:      layout_basic
D:4:      minmay_thinvault, layout_layer_cave, mainiacjoe_overflow_paths,
          minmay_temple_entry_antechambers, bh_walls_and_bars,
          uniq_blork_the_orc
D:5:      layout_basic, mainiacjoe_overflow_catwalk, kennysheep_little_box,
          nicolae_qazlal_scattered_showers, nicolae_ossuary_entry_ruins,
          roderic_lattice_a, hangedman_glass_garden, minmay_misc_feat_square
D:6:      layout_loops_ring, minmay_manual_maat, uniq_maggie
D:7:      layout_loops_ring, dancing_weapons_uskayaw, ebering_ghost_inner_flame,
          nicolae_inconvenience_store, uniq_joseph
D:8:      layout_basic, serial_corexii_hall, corexii_hall_statues_x,
          corexii_hall_statues_s
D:9:      layout_irregular_city, david_lair_generic,
          hellmonk_ghost_happy_afterlife, supply_closet_lemuel, minivault_28
D:10:     layout_basic, nemelex_diamond_rough_becter,
          gammafunk_temple_overflow_pools, minivault_16,
          hellmonk_guarded_unrand_seven_league_boots
D:11:     layout_loops_ring, david_orc_4
D:12:     layout_loops_cross, serial_shops, nicolae_shop_crystal, special_room
          [special_room_bee], hellmonk_guarded_unrand_dark_maul
D:13:     layout_roguey, nzn_hepliaklqana_mist_gate
D:14:     layout_basic, grunt_vaults_entry_fortified, serial_shops, shop,
          nicolae_elyvilon_temple_path, gammafunk_ghost_necromancy, st_stairs_1,
          nicolae_specific_store, onia_ninara_cookie
D:15:     grunt_enter_depths_giant_problem, layout_loops_corners
Temple:   nicolae_temple_great_sept
Lair:1:   layout_loops_ring, grunt_megastairs_5, infiniplex_staircase_pool,
          uniq_sonja, uniq_gastronok
Lair:2:   layout_loops_ring, grunt_megastairs_3
Lair:3:   statuecave_lemuel, layout_regular_city,
          portal_ice_cave_entry_pillars_2
Lair:4:   layout_small_grid, minmay_swamp_entry_worms,
          guppyfry_snake_entry_island, lemuel_fruit_tree,
          infiniplex_staircase_pool_2
Lair:5:   layout_roguey, slime_altar_2
Lair:6:   hangedman_lair_tendril_chambers, layout_gridlike,
          guppyfry_lair_end_dragon, uniq_kirke
Swamp:1:  layout_basic_swamp, evilmike_swamp_ruin_rubble_1, swamp_pool2,
          uniq_donald, uniq_nikola
Swamp:2:  layout_falls_marsh, evilmike_swamp_ruin_house_5, swamp_pool4,
          nicolae_swamp_spriggan_camp
Swamp:3:  layout_falls_marsh, hangedman_swamp_lotus, uniq_jorgrun
Swamp:4:  swamp_icy, layout_basic_swamp, swamp_pool2, nicolae_swamp_little_tower
Snake:1:  layout_basic, grunt_megastairs_2
Snake:2:  layout_misc_corridors
Snake:3:  layout_basic, serial_shops, nicolae_shop_behind_doors, shop_fountains,
          nicolae_snake_dead_anacondas
Snake:4:  grunt_snake_rune_serpentine_throne, layout_cave_town, serial_shops,
          shop, serial_bayou_pond_e
Orc:1:    layout_diamond_mine, serial_shops, shop
Orc:2:    grunt_orc_cross, layout_caves, gammafunk_ghost_grave, serial_shops,
          nicolae_shop_waterfront
Elf:1:    minmay_elf_arrival_summoners, layout_geoelf_octagon,
          kennysheep_underground_church, minmay_elf_annihilation
Elf:2:    nicolae_elf_blades_splatter_lattice
          [nicolae_blade_entry_diamond_columns], layout_loops_cross,
          serial_shops, shop_statue, nicolae_square_shop, special_room
          [special_room_orc], st_stairs_14

Skill      XL: |  1  2  3  4  5  6  7  8  9 10 11 12 13 14 15 16 17 18 19 |
---------------+----------------------------------------------------------+-----
Fighting       | 4 5 7 8 9 10 12 13 14 15 16 17 18 | 18.8
Armour         | 4 5 7 8 9 10 12 13 14 15 16 17 18 | 18.8
Shields        | 4 5 7 8 11 12 14 16 17 18 19 20 | 20.6
Maces & Flails | 3 4 5 7 8 9 10 12 13 14 15 16 17 | 17.4

Action                   |  1- 3 |  4- 6 |  7- 9 | 10-12 | 13-15 | 16-18 | 19-21 || total
-------------------------+-------+-------+-------+-------+-------+-------+-------++-------
Melee: Flail             |    94 |       |       |       |       |       |       ||    94
       Dagger            |     7 |   152 |    11 |    36 |       |       |       ||   206
       Whip              |       |     8 |   379 |   390 |   110 |       |       ||   887
       Morningstar       |       |       |    65 |   515 |       |       |       ||   580
       Mace              |       |       |       |       |   301 |       |       ||   301
       Eveningstar       |       |       |       |       |   682 |  1549 |   520 ||  2751
       Demon whip        |       |       |       |       |       |    31 |       ||    31
Throw: Dart              |       |     4 |     7 |       |       |       |       ||    11
Invok: Heroism           |       |       |       |     4 |     5 |    10 |     3 ||    22
       Finesse           |       |       |       |       |       |     2 |     3 ||     5
Evoke: Wand              |       |       |       |     2 |       |     2 |       ||     4
  Use: Potion            |       |       |     3 |       |     1 |     2 |       ||     6
       Scroll            |       |       |       |       |    24 |    10 |     2 ||    36
 Stab: Distracted        |       |       |       |     1 |     1 |       |       ||     2
       Sleeping          |       |       |       |       |     3 |       |       ||     3
Armor: Scale mail        |    78 |    86 |   188 |       |       |       |       ||   352
       Steam dragon scal |       |       |    10 |   488 |   423 |    35 |       ||   956
       Plate armour      |       |       |       |       |       |   808 |   236 ||  1044
Dodge: Dodged            |    26 |    46 |   114 |   382 |   405 |   537 |    84 ||  1594
Block: Kite shield       |    48 |    75 |   198 |   505 |   645 |  1062 |   388 ||  2921
       Reflection        |       |       |       |       |       |       |    72 ||    72

Table legend: (Time is in decaauts)
 A = Elapsed time spent in this place.
 B = Non-inter-level travel time spent in this place.
 C = Inter-level travel time spent in this place.
 D = Time resting spent in this place.
 E = Time spent auto-exploring this place.
 F = Levels seen in this place.
 G = Mean time per level.
                   A        B        C        D        E       F      G
               +--------+--------+--------+--------+--------+-----+--------+
         Total |  49557 |  47058 |   2499 |   5116 |  31388 |  36 | 1376.6 |
       Dungeon |  20674 |  19688 |    986 |   2639 |  12592 |  15 | 1378.3 |
        Temple |    105 |     94 |     11 |      0 |     67 |   1 |  105.0 |
          Lair |   7936 |   7436 |    500 |    294 |   5343 |   6 | 1322.7 |
         Swamp |   5419 |   5195 |    224 |    433 |   3887 |   4 | 1354.8 |
     Snake Pit |   9223 |   8679 |    544 |   1750 |   5222 |   4 | 2305.8 |
  Orcish Mines |   1963 |   1736 |    227 |      0 |   1156 |   2 |  981.5 |
   Elven Halls |   2237 |   2231 |      6 |      0 |   1788 |   2 | 1118.5 |
       Ossuary |    376 |    376 |      0 |      0 |    126 |   1 |  376.0 |
      Ice Cave |   1621 |   1621 |      0 |      0 |   1206 |   1 | 1621.0 |
               +--------+--------+--------+--------+--------+-----+--------+

Top non-repeatable levels by time:
 Snake:4: 3013 daAuts
 Snake:3: 2610 daAuts
    D:14: 2170 daAuts
     D:4: 2155 daAuts
 Snake:1: 2047 daAuts
     D:9: 1943 daAuts
    D:11: 1894 daAuts
 Swamp:4: 1813 daAuts
     D:6: 1773 daAuts
   Elf:1: 1719 daAuts
     D:8: 1688 daAuts
   IceCv: 1621 daAuts
  Lair:6: 1556 daAuts
 Swamp:2: 1553 daAuts
 Snake:2: 1552 daAuts
